 Dungeon Crawl Stone Soup version 0.19.0-16-g73b5abf (webtiles) character file.

44 Melicamp the Conjurer (level 3, -4/14 HPs)
             Began as a Felid Conjurer on Nov 10, 2016.
             Killed from afar by Sigmund (9 damage)
             ... with a magic dart
             ... on level 2 of the Dungeon.
             The game lasted 00:42:39 (2332 turns).

Melicamp the Conjurer (Felid Conjurer)              Turns: 2332, Time: 00:42:39

Health: -4/14      AC:  1    Str:  4    XL:     3   Next: 39%
Magic:  6/9        EV: 18    Int: 17    God:
Gold:   32         SH:  0    Dex: 16    Spells: 2 memorised, 7 levels left
                                        Lives:  0   Deaths: 1

rFire  . . .     SeeInvis +     (weapon unavailable)
rCold  . . .     Gourm    .     (armour unavailable)
rNeg   . . .     Faith    .     (shield unavailable)
rPois  .         Spirit   .     (helmet unavailable)
rElec  .         Reflect  .     (cloak unavailable)
rCorr  .         Harm     .     (gloves unavailable)
MR     .....                    (boots unavailable)
Stlth  +++.......               (no amulet)
                                (no ring)
                                (no ring)

@: quick
A: no armour, no weapons or thrown items, stealth, claws 1, fangs 3, see
invisible, carnivore 3, speed 1, shaggy fur 1, slow metabolism 1, sharp paws
a: no special abilities


You were on level 2 of the Dungeon.
You were not hungry.

You visited 1 branch of the dungeon, and saw 2 of its levels.

You collected 32 gold pieces.

Inventory:

Potions
 c - 2 potions of might
 d - a potion of brilliance {unknown}
 e - 2 potions of flight
 f - a potion of cure mutation {unknown}
 g - 2 potions of heal wounds
 h - a potion of curing {unknown}
 i - a potion of magic {unknown}
Books
 a - a book of Conjurations

   Spells                             Type                      Level
   a - Magic Dart                     Conjuration                  1
   b - Searing Ray                    Conjuration                  2
   c - Dazzling Spray                 Conjuration/Hexes            3
   d - Fulminant Prism                Conjuration/Hexes            4
   e - Iskenderun's Mystic Blast      Conjuration                  4
   f - Iskenderun's Battlesphere      Conjuration/Charms           5
Comestibles
 b - 2 meat rations
 j - 2 chunks of flesh


   Skills:
 - Level 2.8 Dodging
 - Level 2.6 Stealth
 * Level 4.0 Spellcasting
 - Level 4.0 Conjurations


You had 7 spell levels left.
You knew the following spells:

 Your Spells              Type           Power        Failure   Level  Hunger
a - Magic Dart            Conj           ###.         2%          1    None
b - Searing Ray           Conj           ###...       4%          2    ##.....


Dungeon Overview and Level Annotations

Branches:
Dungeon (2/15)

Altars:

Annotations:
D:2 Sigmund


Innate Abilities, Weirdness & Mutations

You cannot wear armour.
You are incapable of wielding weapons or throwing items.
Your paws allow you to move quietly. (Stealth)
You have sharp claws.
You have razor-sharp teeth.
You have supernaturally acute eyesight. (SInv)
You are carnivorous and can eat meat at any time.
You cover ground quickly.
You are covered in fur. (AC +1)
You have a slow metabolism.
Your sharp claws are effective at attacking unaware monsters.


Message History

Aiming: Magic Dart
Press: ? - help, Shift-Dir - straight line, f/p - Sigmund
Aim: Sigmund, wielding a scythe of venom and wearing a robe (heavily wounded)
The magic dart hits Sigmund.
Sigmund is severely wounded.
Sigmund gestures at you while chanting. The magic dart hits you!
Ouch! That really hurt!
Casting: Magic Dart
Confirm with . or Enter, or press ? or * to list all spells.
Aiming: Magic Dart
Press: ? - help, Shift-Dir - straight line, f/p - Sigmund
Aim: Sigmund, wielding a scythe of venom and wearing a robe (severely wounded)
The magic dart hits Sigmund.
Sigmund is severely wounded.
Sigmund is suddenly surrounded by pale red light.
Sigmund gestures at you while chanting. The magic dart hits you!
Ouch! That really hurt!
You die...

#.....### #.# #..#....# #.......#
#.# ##)####.# # #.......# #.# #.#
#.# ... #.......# #.# #.# #.# ...
#.......# #.# #.# #.#
...####.......# #.# #.####.#
..............# #.# #..#....
#........##...###.# ##.#.#.#
#........†...@..@.# #...#.#
#........########## ########..#.#
........)####### #.....(...#.#
...............# #.........#.#
...............######.........#.#
.....##.............#.).......#..
#######.............#.........#.#
#.............#########..<.
#.............# #....


You could see Sigmund.

Vanquished Creatures
  3 gnolls (D:2)
  4 adders (D:2)
  A dart slug (D:2)
  6 bats
  6 goblins
  3 hobgoblins
  2 frilled lizards (D:2)
  3 kobolds
  6 rats
34 creatures vanquished.

Notes
Turn   | Place    | Note
-------+----------+-------------------------------------------
     0 | D:1      | Melicamp the Felid Conjurer began the quest for the Orb.
     0 | D:1      | Reached XP level 1. HP: 7/7 MP: 4/4
   432 | D:1      | Reached XP level 2. HP: 11/11 MP: 6/6
  1131 | D:2      | Reached XP level 3. HP: 14/14 MP: 2/8
  1407 | D:2      | Noticed Sigmund
  1417 | D:2      | Learned a level 2 spell: Searing Ray
  1615 | D:2      | Learned a level 2 spell: Searing Ray
  1896 | D:2      | Reached XP level 4. HP: 10/18 MP: 4/10
  2293 | D:2      | Killed from afar by Sigmund
  2294 | D:2      | Reached XP level 3. HP: -10/14 MP: 2/9
  2332 | D:2      | Killed from afar by Sigmund

Skill      XL: |  1  2  3  4 |
---------------+-------------+-----
Conjurations   | 4 |  4.0
Spellcasting   | 3 4 |  4.0
Dodging        | |  2.8
Stealth        | |  2.6

Action                   |  1- 3 |  4- 6 || total
-------------------------+-------+-------++-------
Melee: Unarmed           |    34 |     5 ||    39
       Bite              |     1 |       ||     1
 Cast: Magic Dart        |    55 |    23 ||    78
       Searing Ray       |       |     2 ||     2
  Use: Scroll            |     7 |       ||     7
 Stab: Sleeping          |     3 |       ||     3
  Eat: Chunk             |     9 |     1 ||    10
Armor: Skin              |     3 |       ||     3
Dodge: Dodged            |    40 |    16 ||    56
